[Event "1000GM Schev-B January 2024"]
[Site "Sunnyvale"]
[Date "2024.01.20"]
[Round "1.1"]
[White "Bhatta, Rohit"]
[Black "Hernandez Jimenez, Jeronimo"]
[Result "1-0"]
[ECO "E04"]
[WhiteElo "1867"]
[BlackElo "2187"]
[Annotator "RC"]
[PlyCount "43"]
[EventDate "2024.01.20"]
[EventType "schev"]
[EventCountry "USA"]
[SourceTitle "playchess.com"]
[Source "ChessBase"]
[SourceQuality "1"]
[TimeControl "5400+30"]

1. d4 d5 2. c4 e6 3. Nf3 Nf6 4. g3 dxc4 5. Bg2 a6 6. O-O Nc6 7. Nbd2 b5 8. b3 c3 9. Nb1 Nd5 10. e4 Nf6 11. Nxc3 Bb4 12. Qd3 Bb7 13. Bb2 O-O 14. Rfd1 Be7 15. Rac1 Qb8 16. Qe2 Re8 17. h4 Qa7 18. e5 Nd7 19. d5 exd5 20. Nxd5 Rac8 21. e6 Bd6 22. exf7+ 1-0

[Event "1000GM Schev-B January 2024"]
[Site "Sunnyvale"]
[Date "2024.01.20"]
[Round "1.2"]
[White "Talwalkar, Vedant"]
[Black "Angeles Mercado, Anthony R"]
[Result "0-1"]
[ECO "B72"]
[WhiteElo "1890"]
[BlackElo "2057"]
[Annotator "RC"]
[PlyCount "88"]
[EventDate "2024.01.20"]
[EventType "schev"]
[EventCountry "USA"]
[SourceTitle "playchess.com"]
[Source "ChessBase"]
[SourceQuality "1"]
[TimeControl "5400+30"]

1. e4 c5 2. Nf3 Nc6 3. d4 cxd4 4. Nxd4 g6 5. Nc3 Bg7 6. Be3 Nf6 7. Bc4 O-O 8. Bb3 d6 9. h3 Na5 10. O-O b6 11. Qd3 Bb7 12. Rfe1 Nxb3 13. axb3 d5 14. e5 Ne4 15. f4 Qd7 16. Qb5 Rfd8 17. Nxe4 dxe4 18. c3 f6 19. Qxd7 Rxd7 20. e6 Rd5 21. c4 Rd6 22. Nb5 Rd3 23. Nc7 Rc8 24. Rxa7 Rxc7 25. Bxb6 f5 26. c5 Bd4+ 27. Kh1 Bxc5 28. Bxc5 Rxb3 29. Bd4 Rc6 30. Re3 Rb4 31. Bc3 Rb5 32. Ra4 Rxe6 33. Rb4 Rxb4 34. Bxb4 Kf7 35. Kg1 g5 36. g3 gxf4 37. gxf4 Rg6+ 38. Kf2 e5 39. Rc3 Bc6 40. fxe5 f4 41. Bd6 e3+ 42. Ke2 Rg2+ 43. Kf1 f3 44. Rxe3 Bb5+ 0-1

[Event "1000GM Schev-B January 2024"]
[Site "Sunnyvale"]
[Date "2024.01.20"]
[Round "1.3"]
[White "Jin, Austin"]
[Black "Gracia Alvarez, Gerardo Antonio"]
[Result "0-1"]
[ECO "C44"]
[WhiteElo "1836"]
[BlackElo "2224"]
[Annotator "RC"]
[PlyCount "52"]
[EventDate "2024.01.20"]
[EventType "schev"]
[EventCountry "USA"]
[SourceTitle "playchess.com"]
[Source "ChessBase"]
[SourceQuality "1"]
[TimeControl "5400+30"]

1. e4 e5 2. Nf3 Nc6 3. g3 Nf6 4. d3 d5 5. exd5 Nxd5 6. Bg2 Bd6 7. O-O O-O 8. Nbd2 Re8 9. Nc4 Bf8 10. Re1 f6 11. Ne3 Nb6 12. Nh4 Be6 13. Be4 Qd7 14. c3 g6 15. Nf3 Bg7 16. d4 exd4 17. Bxc6 bxc6 18. Nxd4 Bh3 19. Qf3 Nd5 20. Bd2 Rad8 21. Nxd5 cxd5 22. Bf4 c5 23. Nb3 Qf5 24. Rxe8+ Rxe8 25. Nxc5 g5 26. Qh5 Rc8 0-1

[Event "1000GM Schev-B January 2024"]
[Site "Sunnyvale"]
[Date "2024.01.20"]
[Round "1.4"]
[White "Contreras, Henry"]
[Black "Stevens, Adam B"]
[Result "1-0"]
[ECO "D02"]
[WhiteElo "2107"]
[BlackElo "1878"]
[Annotator "RC"]
[PlyCount "95"]
[EventDate "2024.01.20"]
[EventType "schev"]
[EventCountry "USA"]
[SourceTitle "playchess.com"]
[Source "ChessBase"]
[SourceQuality "1"]
[TimeControl "5400+30"]

1. d4 d5 2. Bf4 Nf6 3. e3 c5 4. c3 Nc6 5. Nf3 Qb6 6. Na3 a6 7. Qb3 Qa7 8. Be2 c4 9. Qc2 g6 10. h3 Bf5 11. Qc1 b5 12. g4 Be4 13. Nb1 h5 14. Rg1 hxg4 15. hxg4 Qd7 16. Ne5 Nxe5 17. dxe5 Ng8 18. Nd2 Bg7 19. Nxe4 dxe4 20. Qc2 Qb7 21. O-O-O e6 22. Rd4 Ne7 23. Qxe4 Nd5 24. Bg5 Rh2 25. Rf1 Rb8 26. Rd2 Qb6 27. Qd4 Qc7 28. f4 b4 29. Qxc4 bxc3 30. bxc3 Qb6 31. Qb3 Rh3 32. Qxb6 Rxb6 33. c4 Ne7 34. Bf3 Rb8 35. Kc2 Rc8 36. Kb3 Rb8+ 37. Ka4 Bf8 38. Rff2 f6 39. exf6 Nc8 40. Rd4 Bc5 41. Bc6+ Kf7 42. Rd7+ Kf8 43. Rd8+ Kf7 44. Be8+ Kg8 45. Bxg6+ Bf8 46. c5 Nb6+ 47. cxb6 Rxd8 48. f7+ 1-0

[Event "1000GM Schev-B January 2024"]
[Site "Sunnyvale"]
[Date "2024.01.20"]
[Round "1.5"]
[White "Rivera, Ingris"]
[Black "Ganesan, Vikrant"]
[Result "1-0"]
[ECO "E00"]
[WhiteElo "2145"]
[BlackElo "1870"]
[Annotator "NA RC"]
[PlyCount "39"]
[EventDate "2024.01.20"]
[EventType "schev"]
[EventCountry "USA"]
[SourceTitle "playchess.com"]
[Source "ChessBase"]
[SourceQuality "1"]
[TimeControl "5400+30"]

1. d4 Nf6 2. c4 e6 3. a3 d5 4. Nc3 b6 5. cxd5 exd5 6. Bg5 Bb7 7. e3 a6 8. Bd3 Bd6 9. Nf3 O-O 10. Ne5 h6 11. Bh4 g5 12. Bg3 Ne4 13. Qh5 Qf6 14. Ng4 Qe6 15. Bxe4 dxe4 16. Bxd6 cxd6 17. Nxh6+ Kg7 18. Qxg5+ Kh7 19. Nf5 Qg6 20. Qh4+ 1-0

[Event "1000GM Schev-B January 2024"]
[Site "Sunnyvale"]
[Date "2024.01.21"]
[Round "2.1"]
[White "Angeles Mercado, Anthony R"]
[Black "Bhatta, Rohit"]
[Result "1-0"]
[ECO "C54"]
[WhiteElo "2057"]
[BlackElo "1867"]
[Annotator "NA RC"]
[PlyCount "59"]
[EventDate "2024.01.20"]
[EventType "schev"]
[EventCountry "USA"]
[SourceTitle "playchess.com"]
[Source "ChessBase"]
[SourceQuality "1"]
[TimeControl "5400+30"]

1. e4 e5 2. Nf3 Nc6 3. Bc4 Bc5 4. d3 Nf6 5. O-O d6 6. c3 a6 7. Bb3 Ba7 8. Re1 O-O 9. h3 h6 10. Nbd2 Re8 11. Nf1 Be6 12. Ba4 b5 13. Bc2 Ne7 14. Ng3 Ng6 15. d4 exd4 16. cxd4 c5 17. b3 Bc8 (17... cxd4 $11 {remains equal.} 18. Nxd4 Bxd4 19. Qxd4 Rc8) 18. Bb2 ({White should play} 18. e5 dxe5 19. Nxe5) 18... Bb7 $16 ({Better is} 18... Bb6) 19. d5 Bc8 20. e5 Nxe5 21. Nxe5 dxe5 22. Rxe5 Bb7 23. Rxe8+ Nxe8 24. Nf5 Qg5 25. h4 Qf4 26. g3 Qc7 27. d6 Qd8 28. Qg4 Bc8 29. Bxg7 Bxf5 30. Qxf5 1-0

[Event "1000GM Schev-B January 2024"]
[Site "Sunnyvale"]
[Date "2024.01.21"]
[Round "2.2"]
[White "Gracia Alvarez, Gerardo Antonio"]
[Black "Talwalkar, Vedant"]
[Result "1-0"]
[ECO "C49"]
[WhiteElo "2224"]
[BlackElo "1890"]
[Annotator "RC"]
[PlyCount "47"]
[EventDate "2024.01.20"]
[EventType "schev"]
[EventCountry "USA"]
[SourceTitle "playchess.com"]
[Source "ChessBase"]
[SourceQuality "1"]
[TimeControl "5400+30"]

1. e4 e5 2. Nf3 Nc6 3. Nc3 Nf6 4. Bb5 Bb4 5. O-O O-O 6. Bxc6 bxc6 7. Nxe5 Bxc3 8. dxc3 Nxe4 9. Re1 Nc5 10. b3 Re8 11. Ba3 Ne6 12. Re3 f6 13. Nxc6 dxc6 14. Rd3 Bd7 15. Rxd7 Qc8 16. Qd3 Kh8 17. g3 Ng5 18. Rd1 Ne4 19. Qc4 Qb7 20. Qf7 Rg8 21. Rd8 Raxd8 22. Rxd8 Rxd8 23. Bf8 Rd1+ 24. Kg2 1-0

[Event "1000GM Schev-B January 2024"]
[Site "Sunnyvale"]
[Date "2024.01.21"]
[Round "2.3"]
[White "Contreras, Henry"]
[Black "Jin, Austin"]
[Result "1/2-1/2"]
[ECO "A03"]
[WhiteElo "2107"]
[BlackElo "1836"]
[Annotator "RC"]
[PlyCount "77"]
[EventDate "2024.01.20"]
[EventType "schev"]
[EventCountry "USA"]
[SourceTitle "playchess.com"]
[Source "ChessBase"]
[SourceQuality "1"]
[TimeControl "5400+30"]

1. g3 d5 2. Bg2 Nf6 3. f4 e6 4. Nf3 Be7 5. e3 c5 6. Qe2 Nc6 7. d3 O-O 8. e4 dxe4 9. dxe4 Qc7 10. e5 Nd5 11. c4 Nb6 12. h4 Nd4 13. Nxd4 cxd4 14. b3 f6 15. exf6 Bxf6 16. Qd3 Nd7 17. Ba3 Nc5 18. Bxc5 Qxc5 19. Nd2 e5 20. Bd5+ Kh8 21. f5 Bd8 22. g4 Rb8 23. Ne4 Qb4+ 24. Ke2 g6 25. Be6 Bxe6 26. fxe6 Qb6 27. Raf1 Be7 28. Rxf8+ Rxf8 29. Rf1 Rxf1 30. Kxf1 Qxe6 31. Qf3 Kg7 32. g5 Qf5 33. Ke2 Qxf3+ 34. Kxf3 b6 35. Nf2 Kf7 36. Nd3 Ke6 37. Ke4 h6 38. gxh6 Bxh4 39. Nxe5 1/2-1/2

[Event "1000GM Schev-B January 2024"]
[Site "Sunnyvale"]
[Date "2024.01.21"]
[Round "2.4"]
[White "Stevens, Adam B"]
[Black "Rivera, Ingris"]
[Result "1/2-1/2"]
[ECO "E92"]
[WhiteElo "1878"]
[BlackElo "2145"]
[Annotator "RC"]
[PlyCount "57"]
[EventDate "2024.01.20"]
[EventType "schev"]
[EventCountry "USA"]
[SourceTitle "playchess.com"]
[Source "ChessBase"]
[SourceQuality "1"]
[TimeControl "5400+30"]

1. d4 Nf6 2. c4 g6 3. Nc3 Bg7 4. e4 d6 5. Nf3 O-O 6. Be2 e5 7. Be3 exd4 8. Nxd4 Re8 9. f3 c6 10. Bf2 Nbd7 11. O-O Nc5 12. Qd2 Qe7 13. Rfe1 Ne6 14. Rad1 Rd8 15. Bf1 Nh5 16. g3 Ng5 17. Bg2 Nh3+ 18. Bxh3 Bxh3 19. g4 Nf6 20. Qg5 Nd5 21. Qxe7 Nxe7 22. Bh4 Re8 23. Nde2 Be5 24. Bg3 f5 25. Bxe5 dxe5 26. gxf5 gxf5 27. Kf2 f4 28. Nc1 Ng6 29. Rd6 1/2-1/2

[Event "1000GM Schev-B January 2024"]
[Site "Sunnyvale"]
[Date "2024.01.21"]
[Round "2.5"]
[White "Ganesan, Vikrant"]
[Black "Hernandez Jimenez, Jeronimo"]
[Result "0-1"]
[ECO "A28"]
[WhiteElo "1870"]
[BlackElo "2187"]
[Annotator "RC"]
[PlyCount "54"]
[EventDate "2024.01.20"]
[EventType "schev"]
[EventCountry "USA"]
[SourceTitle "playchess.com"]
[Source "ChessBase"]
[SourceQuality "1"]
[TimeControl "5400+30"]

1. c4 e5 2. Nc3 Nf6 3. Nf3 Nc6 4. e4 Bc5 5. Nxe5 Nxe5 6. d4 Bb4 7. dxe5 Nxe4 8. Qf3 Nxc3 9. bxc3 Ba5 10. Ba3 d6 11. Rd1 O-O 12. Be2 Bd7 13. exd6 Bc6 14. Qd3 Qg5 15. Rg1 cxd6 16. g4 Rfe8 17. Rg3 d5 18. cxd5 Rad8 19. Rh3 g6 20. Bc1 Qxd5 21. Qxd5 Rxd5 22. Rxd5 Bxd5 23. Kf1 Bxa2 24. Be3 Bxc3 25. Bxa7 Bf6 26. Ra3 Bd5 27. Bf3 Bb2 0-1

[Event "1000GM Schev-B January 2024"]
[Site "Sunnyvale"]
[Date "2024.01.21"]
[Round "3.1"]
[White "Bhatta, Rohit"]
[Black "Gracia Alvarez, Gerardo Antonio"]
[Result "1/2-1/2"]
[ECO "A62"]
[WhiteElo "1867"]
[BlackElo "2224"]
[Annotator "RC"]
[PlyCount "39"]
[EventDate "2024.01.20"]
[EventType "schev"]
[EventCountry "USA"]
[SourceTitle "playchess.com"]
[Source "ChessBase"]
[SourceQuality "1"]
[TimeControl "5400+30"]

1. d4 Nf6 2. c4 c5 3. d5 e6 4. Nc3 exd5 5. cxd5 d6 6. g3 g6 7. Bg2 Bg7 8. Nf3 O-O 9. O-O Re8 10. Bf4 h6 11. Qc1 g5 12. Bd2 Bf5 13. h4 g4 14. Ne1 h5 15. Nc2 Nbd7 16. Bg5 Ne5 17. Ne3 Bg6 18. Ne4 Nxe4 19. Bxd8 Raxd8 20. a4 1/2-1/2

[Event "1000GM Schev-B January 2024"]
[Site "Sunnyvale"]
[Date "2024.01.21"]
[Round "3.2"]
[White "Talwalkar, Vedant"]
[Black "Contreras, Henry"]
[Result "1/2-1/2"]
[ECO "B45"]
[WhiteElo "1890"]
[BlackElo "2107"]
[Annotator "RC"]
[PlyCount "104"]
[EventDate "2024.01.20"]
[EventType "schev"]
[EventCountry "USA"]
[SourceTitle "playchess.com"]
[Source "ChessBase"]
[SourceQuality "1"]
[TimeControl "5400+30"]

1. e4 c5 2. Nf3 e6 3. d4 cxd4 4. Nxd4 Nf6 5. Nc3 Nc6 6. Ndb5 Bb4 7. a3 Bxc3+ 8. Nxc3 d5 9. exd5 exd5 10. Bd3 d4 11. Ne2 O-O 12. O-O Bg4 13. f3 Be6 14. Ng3 Nd5 15. Re1 a5 16. Ne4 Bf5 17. Nc5 Qb6 18. Na4 Qa7 19. Bxf5 b5 20. Bxh7+ Kxh7 21. Qd3+ Kg8 22. Qxb5 Qd7 23. Qd3 Rfc8 24. b3 Ncb4 25. axb4 Nxb4 26. Qd1 Nxc2 27. Nb6 Qb5 28. Nxc8 Rxc8 29. Bb2 d3 30. Rb1 Qb6+ 31. Kh1 Nxe1 32. Qxe1 Qxb3 33. Qd1 Rb8 34. Kg1 a4 35. Qxb3 Rxb3 36. Rd1 Rxb2 37. Rxd3 Rb3 38. Rd8+ Kh7 39. Ra8 a3 40. Kf2 Rb2+ 41. Ke3 a2 42. g4 Rxh2 43. Kf4 Kg6 44. Ra6+ f6 45. g5 Rf2 46. gxf6 gxf6 47. Ke3 Rb2 48. Kf4 Kf7 49. Kf5 Ke7 50. Ra7+ Kd6 51. Kxf6 Kc5 52. f4 Kb5 1/2-1/2

[Event "1000GM Schev-B January 2024"]
[Site "Sunnyvale"]
[Date "2024.01.21"]
[Round "3.3"]
[White "Rivera, Ingris"]
[Black "Jin, Austin"]
[Result "1-0"]
[ECO "D55"]
[WhiteElo "2145"]
[BlackElo "1836"]
[Annotator "RC"]
[PlyCount "113"]
[EventDate "2024.01.20"]
[EventType "schev"]
[EventCountry "USA"]
[SourceTitle "playchess.com"]
[Source "ChessBase"]
[SourceQuality "1"]
[TimeControl "5400+30"]

1. d4 d5 2. c4 e6 3. Nc3 Be7 4. Nf3 Nf6 5. Bg5 O-O 6. e3 b6 7. cxd5 Nxd5 8. Bxe7 Qxe7 9. Bd3 Bb7 10. O-O Nd7 11. Re1 c5 12. Nxd5 exd5 13. dxc5 bxc5 14. Rc1 Nf6 15. Qa4 Rfd8 16. Qa5 Rdc8 17. b3 Qd6 18. Bf5 Rc6 19. Red1 Bc8 20. Bxc8 Raxc8 21. h3 h6 22. Rc2 a6 23. Rcd2 Qe7 24. Qa4 Qc7 25. Qh4 Re8 26. Qa4 Rc8 27. Qa3 c4 28. Nd4 c3 29. Rc2 Rb6 30. Rdc1 Qe5 31. Rxc3 Rxc3 32. Rxc3 Ne4 33. Rc8+ Kh7 34. Qc1 Rf6 35. f3 Ng3 36. Qc2+ g6 37. Rc3 Qg5 38. Qd3 Qh4 39. Nc2 Qh5 40. Ne1 Qh4 41. Nc2 Qg5 42. f4 Qh5 43. Rc5 Rf5 44. Nd4 Rf6 45. Nf3 Rf5 46. Qxa6 g5 47. Qd3 Kg7 48. Rxd5 Rf6 49. Nxg5 Ne2+ 50. Kh2 Qh4 51. Qxe2 hxg5 52. Rxg5+ Rg6 53. Rxg6+ fxg6 54. b4 Qe7 55. b5 g5 56. Qb2+ Kh7 57. Qe5 1-0

[Event "1000GM Schev-B January 2024"]
[Site "Sunnyvale"]
[Date "2024.01.21"]
[Round "3.4"]
[White "Hernandez Jimenez, Jeronimo"]
[Black "Stevens, Adam B"]
[Result "1/2-1/2"]
[ECO "B10"]
[WhiteElo "2187"]
[BlackElo "1878"]
[Annotator "RC"]
[PlyCount "52"]
[EventDate "2024.01.20"]
[EventType "schev"]
[EventCountry "USA"]
[SourceTitle "playchess.com"]
[Source "ChessBase"]
[SourceQuality "1"]
[TimeControl "5400+30"]

1. c4 c6 2. e4 d5 3. cxd5 cxd5 4. exd5 Nf6 5. Nc3 Nxd5 6. Nf3 Nxc3 7. bxc3 g6 8. d4 Bg7 9. Bb5+ Bd7 10. Bxd7+ Qxd7 11. O-O O-O 12. Bf4 e6 13. Ne5 Qc8 14. Qb3 Nc6 15. Nc4 b6 16. a4 Qd7 17. Qb5 Rfd8 18. h3 Bf8 19. Bg5 Be7 20. Bxe7 Nxe7 21. Ne5 Qc7 22. Rfc1 Rac8 23. a5 bxa5 24. Qxa5 Qxa5 25. Rxa5 Rxd4 26. Rxa7 Nc6 1/2-1/2

[Event "1000GM Schev-B January 2024"]
[Site "Sunnyvale"]
[Date "2024.01.21"]
[Round "3.5"]
[White "Ganesan, Vikrant"]
[Black "Angeles Mercado, Anthony R"]
[Result "0-1"]
[ECO "A28"]
[WhiteElo "1870"]
[BlackElo "2057"]
[Annotator "RC"]
[PlyCount "54"]
[EventDate "2024.01.20"]
[EventType "schev"]
[EventCountry "USA"]
[SourceTitle "playchess.com"]
[Source "ChessBase"]
[SourceQuality "1"]
[TimeControl "5400+30"]

1. c4 e5 2. Nc3 Nf6 3. Nf3 Nc6 4. e4 Bc5 5. Nxe5 Nxe5 6. d4 Nxe4 7. Nxe4 Bb4+ 8. Nd2 Nc6 9. a3 O-O 10. Be2 Nxd4 11. axb4 Re8 12. Nf3 Nxe2 13. Be3 Nf4 14. O-O Ng6 15. Bxa7 d6 16. Be3 Bg4 17. Rxa8 Qxa8 18. h3 Be6 19. b3 Qa3 20. b5 Bd7 21. Qd3 Bc8 22. Qc3 Qa2 23. Nd4 Qa8 24. c5 dxc5 25. Qxc5 c6 26. bxc6 bxc6 27. Ra1 Qxa1+ 0-1

[Event "1000GM Schev-B January 2024"]
[Site "Sunnyvale"]
[Date "2024.01.21"]
[Round "4.1"]
[White "Contreras, Henry"]
[Black "Bhatta, Rohit"]
[Result "0-1"]
[ECO "C52"]
[WhiteElo "2107"]
[BlackElo "1867"]
[Annotator "TA"]
[PlyCount "44"]
[EventDate "2024.01.20"]
[EventType "schev"]
[EventCountry "USA"]
[SourceTitle "playchess.com"]
[Source "ChessBase"]
[SourceQuality "1"]
[TimeControl "5400+30"]

1. e4 e5 2. Nf3 Nc6 3. Bc4 Bc5 4. b4 Bxb4 5. c3 Ba5 6. d4 $1 b5 {[%emt 0:00:37] C52: Evans Gambit Accepted: 5 c3 Ba5.} 7. Bxb5 {[%emt 0:08:21] Bg5 is the strong threat.} (7. Bb3 Nxd4 8. Bxf7+ Kxf7 9. Nxe5+ Kf8 10. Qxd4 Nf6 11. Nc6 Bb6 12. Qb4+ {1-0 Contreras,H (2151)-Bhatta,R (1775) Sunnyvale 1000-C 09 2023 (4)}) 7... Nxd4 $1 8. Nxd4 exd4 {[%emt 0:00:03] The position is equal.} 9. Qxd4 {[%emt 0:00:44][%cal Ob5c4] next Bc4! is good for White.} Qf6 10. O-O {[%emt 0:01:27] With the idea Qd5.} Bb6 11. Qd3 {[%emt 0:01:05] White wants to play Ba3.} Ne7 12. Nd2 {[%emt 0:00:29] Threatening Ba3.} O-O 13. Ba3 {[%emt 0:00:42] Black must now prevent e5.} Re8 14. Nc4 {[%emt 0:02:03] [#]} ({Much worse is} 14. Bxd7 Bxd7 15. Qxd7 Ng6 $17) (14. e5 $11 {remains equal.} Qg6 15. Qf3) 14... Ng6 $1 $17 15. Nxb6 $2 {[%emt 0:02:24] Now White is beyond hope.} (15. Bxd7 $2 {perishes.} Nf4 16. Qd1 Qg6 $19) (15. Qg3 $15) 15... axb6 $19 {[%emt 0:01:20] [#]} 16. Bc1 $146 {[%emt 0:01:02] [#]} ({Predecessor:} 16. Bb2 c6 17. Bc4 Ne5 18. Qe2 Nxc4 19. Qxc4 Ba6 20. Qb3 Bxf1 21. Rxf1 Qe6 22. c4 Qxe4 {0-1 Ireland,D (1961)-Valentine,B (1959) BCF-chT4S 1920 (4NCL) 2019 (2.82)}) 16... c6 $1 17. Bc4 Ne5 18. Qd4 Nxc4 {[%emt 0:00:13][%mdl 64] Remove Defender} 19. Qxc4 Ba6 {[%emt 0:00:41][%mdl 64] Skewer. Black is clearly winning.} 20. Qb4 {[%emt 0:00:01] White is weak on the light squares} Bxf1 21. Kxf1 b5 {[%emt 0:15:03] And now ...Ra4 would win.} 22. Be3 Ra4 {[%emt 0:02:34] Weighted Error Value: White=0.45/Black=0.01 (flawless)} 0-1

[Event "1000GM Schev-B January 2024"]
[Site "Sunnyvale"]
[Date "2024.01.21"]
[Round "4.2"]
[White "Rivera, Ingris"]
[Black "Talwalkar, Vedant"]
[Result "1-0"]
[ECO "A83"]
[WhiteElo "2145"]
[BlackElo "1890"]
[Annotator "RC"]
[PlyCount "65"]
[EventDate "2024.01.20"]
[EventType "schev"]
[EventCountry "USA"]
[SourceTitle "playchess.com"]
[Source "ChessBase"]
[SourceQuality "1"]
[TimeControl "5400+30"]

1. d4 f5 2. e4 fxe4 3. Nc3 Nf6 4. Bg5 g6 5. f3 d5 6. fxe4 Nxe4 7. Nxe4 dxe4 8. Bc4 Nc6 9. c3 Na5 10. Be2 Qd5 11. Bf4 c6 12. Be5 Rg8 13. b3 b5 14. Rc1 Bh6 15. c4 Qf7 16. Nh3 b4 17. Rf1 Qe6 18. Nf4 Qd7 19. Qc2 Qb7 20. Qxe4 Bf5 21. Qe3 Rd8 22. g4 Bc8 23. Qh3 Bxf4 24. Rxf4 e6 25. g5 c5 26. dxc5 Nc6 27. Bf3 Qd7 28. Rd1 Nxe5 29. Rxd7 Rxd7 30. Qxe6+ Kd8 31. Qxg8+ Kc7 32. Be2 Re7 33. Re4 1-0

[Event "1000GM Schev-B January 2024"]
[Site "Sunnyvale"]
[Date "2024.01.21"]
[Round "4.3"]
[White "Jin, Austin"]
[Black "Hernandez Jimenez, Jeronimo"]
[Result "1/2-1/2"]
[ECO "B12"]
[WhiteElo "1836"]
[BlackElo "2187"]
[Annotator "RC"]
[PlyCount "91"]
[EventDate "2024.01.20"]
[EventType "schev"]
[EventCountry "USA"]
[SourceTitle "playchess.com"]
[Source "ChessBase"]
[SourceQuality "1"]
[TimeControl "5400+30"]

1. e4 c6 2. d4 d5 3. e5 c5 4. dxc5 e6 5. Nf3 Bxc5 6. Bd3 Nc6 7. O-O Nge7 8. a3 a6 9. Re1 Ng6 10. b4 Ba7 11. Bb2 O-O 12. Bxg6 fxg6 13. Nbd2 g5 14. Nb3 Bd7 15. Nfd4 Rc8 16. Re2 Ne7 17. Qd2 h6 18. Rd1 Ng6 19. g3 g4 20. Kg2 Qe8 21. Rh1 Qf7 22. h3 Bb5 23. Ree1 Rc4 24. hxg4 Bxd4 25. Nxd4 Rxd4 26. Bxd4 Qf3+ 27. Kg1 Nf4 28. Rh2 Qxg4 29. Rh4 Ne2+ 30. Rxe2 Qxe2 31. Qxe2 Bxe2 32. f4 Ra8 33. Rh2 Bc4 34. Rf2 g6 35. Bc5 h5 36. Kg2 a5 37. g4 hxg4 38. Kg3 axb4 39. Bxb4 Kg7 40. Rh2 Rh8 41. Rxh8 Kxh8 42. Kxg4 Kg7 43. Kg5 Ba2 44. c3 Bb1 45. Kg4 Kf7 46. Kf3 1/2-1/2

[Event "1000GM Schev-B January 2024"]
[Site "Sunnyvale"]
[Date "2024.01.21"]
[Round "4.4"]
[White "Stevens, Adam B"]
[Black "Angeles Mercado, Anthony R"]
[Result "0-1"]
[ECO "A70"]
[WhiteElo "1878"]
[BlackElo "2057"]
[Annotator "RC"]
[PlyCount "94"]
[EventDate "2024.01.20"]
[EventType "schev"]
[EventCountry "USA"]
[SourceTitle "playchess.com"]
[Source "ChessBase"]
[SourceQuality "1"]
[TimeControl "5400+30"]

1. d4 Nf6 2. c4 e6 3. Nf3 c5 4. d5 exd5 5. cxd5 g6 6. Nc3 d6 7. e4 Bg7 8. h3 O-O 9. Bd3 Re8 10. O-O Na6 11. Re1 Nc7 12. a4 a6 13. a5 Nb5 14. Qc2 Nxc3 15. bxc3 Qc7 16. Bf4 c4 17. Bf1 Bd7 18. Nd2 Bb5 19. Bh2 Nd7 20. f4 Rac8 21. Kh1 Nc5 22. Re3 Nd3 23. Nf3 Qc5 24. Bg1 Nxf4 25. e5 Qxd5 26. exd6 Rxe3 27. Bxe3 Nd3 28. Nd4 Re8 29. Bg1 Qxd6 30. Nxb5 axb5 31. Rb1 Qd5 32. Rd1 Rd8 33. Be2 h5 34. Bf3 Qd7 35. Bb6 Re8 36. Be2 Qf5 37. Bxd3 cxd3 38. Qxd3 Re1+ 39. Bg1 Rxd1 40. Qxd1 Bxc3 41. Qd8+ Kh7 42. Qc7 Bd2 43. Qd8 Bc3 44. Qc7 Be1 45. Bd4 Qf1+ 46. Bg1 h4 47. Qd8 Bf2 0-1

[Event "1000GM Schev-B January 2024"]
[Site "Sunnyvale"]
[Date "2024.01.21"]
[Round "4.5"]
[White "Gracia Alvarez, Gerardo Antonio"]
[Black "Ganesan, Vikrant"]
[Result "1-0"]
[ECO "B51"]
[WhiteElo "2224"]
[BlackElo "1870"]
[Annotator "RC"]
[PlyCount "67"]
[EventDate "2024.01.20"]
[EventType "schev"]
[EventCountry "USA"]
[SourceTitle "playchess.com"]
[Source "ChessBase"]
[SourceQuality "1"]
[TimeControl "5400+30"]

1. e4 c5 2. Nf3 d6 3. Bb5+ Nd7 4. c3 Ngf6 5. Bd3 e6 6. O-O a6 7. Bc2 b5 8. d4 Bb7 9. Nbd2 Be7 10. Re1 Qc7 11. Nf1 Rc8 12. Bd3 O-O 13. Ng3 Rfd8 14. Qe2 g6 15. Bg5 Nb6 16. h3 e5 17. d5 Ne8 18. Be3 Ng7 19. Nh2 Rf8 20. Bh6 f5 21. exf5 Nxf5 22. Bxf8 Rxf8 23. Ng4 Nxd5 24. Nxf5 gxf5 25. Bxf5 Nf4 26. Qc2 h5 27. Ne3 Qc6 28. f3 Bh4 29. Be4 Qd7 30. Red1 Bxe4 31. Qxe4 Qg7 32. Rxd6 Qg3 33. Kh1 Kh8 34. Rh6+ 1-0

[Event "1000GM Schev-B January 2024"]
[Site "Sunnyvale"]
[Date "2024.01.22"]
[Round "5.1"]
[White "Bhatta, Rohit"]
[Black "Rivera, Ingris"]
[Result "1/2-1/2"]
[ECO "A49"]
[WhiteElo "1867"]
[BlackElo "2145"]
[Annotator "TA"]
[PlyCount "30"]
[EventDate "2024.01.20"]
[EventType "schev"]
[EventCountry "USA"]
[SourceTitle "playchess.com"]
[Source "ChessBase"]
[SourceQuality "1"]
[TimeControl "5400+30"]

1. d4 Nf6 2. c4 g6 3. g3 Bg7 4. Bg2 O-O 5. Nc3 c5 6. dxc5 Na6 7. Nf3 Nxc5 8. O-O d6 9. Nd4 Rb8 10. h3 Bd7 11. Be3 a6 12. Rc1 Qa5 13. Bd2 Qd8 14. Be3 (14. b4 $5 Ne6 15. Be3 $11) 14... Qa5 15. Bd2 Qd8 {[%emt 0:00:16] An uneventful encounter.   Weighted Error Value: White=0.14 (very precise) /Black=0.11 (very precise) .  OK:         	White=2     	Black=2} 1/2-1/2

[Event "1000GM Schev-B January 2024"]
[Site "Sunnyvale"]
[Date "2024.01.22"]
[Round "5.2"]
[White "Hernandez Jimenez, Jeronimo"]
[Black "Talwalkar, Vedant"]
[Result "1-0"]
[ECO "A80"]
[WhiteElo "2187"]
[BlackElo "1890"]
[Annotator "RC"]
[PlyCount "73"]
[EventDate "2024.01.20"]
[EventType "schev"]
[EventCountry "USA"]
[SourceTitle "playchess.com"]
[Source "ChessBase"]
[SourceQuality "1"]
[TimeControl "5400+30"]

1. d4 f5 2. Bg5 g6 3. Nc3 Bg7 4. e4 fxe4 5. Nxe4 d5 6. Ng3 Nf6 7. Nf3 Bg4 8. Be2 Ne4 9. Be3 Bxf3 10. Bxf3 Nxg3 11. hxg3 e6 12. c3 Nc6 13. Qd3 Qf6 14. O-O-O O-O-O 15. Bg4 Kb8 16. f4 Na5 17. Kb1 Rd6 18. Bc1 Rb6 19. Rde1 h6 20. Bd1 Nc4 21. Ka1 Nd6 22. Bc2 Nf5 23. g4 Ne7 24. g5 Qf7 25. gxh6 Rxh6 26. Rxh6 Bxh6 27. Qh3 Bg7 28. Qh7 a5 29. f5 g5 30. Bxg5 Nxf5 31. Rf1 Qd7 32. a4 Rd6 33. g4 Ng3 34. Qg8+ Ka7 35. Rf7 Qc6 36. Qxg7 Qa6 37. Qe5 1-0